Map: Invader LE

Players

MaSa

  • Race: Terran Terran

Showtime - Winner!

  • Race: Protoss Protoss

Event: DreamHack Open Tours WCS Spring Championship

VOD

Have the link to the VOD?

Description

Time

  • Played on: May 16, 2016, 7:02 a.m.
  • Length: 9:10

All games in this series

Show
View Real Time Build Order
Export as new Build Order

MaSa Terran 

Build Orders: MMM Bio 

Get SALT Encoding   

  12  0:00  SCV  
  13  0:13  SCV  
  14  0:18  Supply Depot  
  14  0:25  SCV  
  15  0:39  SCV  
  15  0:41  Barracks  
  16  0:51  SCV  
  17  1:03  SCV  
  18  1:13  Command Center  
  18  1:16  SCV  
  19  1:28  Marine  
  19  1:29  Orbital Command  
  20  1:39  Barracks  
  20  1:46  Marine  
  21  1:51  Supply Depot  
  21  1:55  SCV  
  22  2:04  Marine, Barracks  
  23  2:12  SCV  
  24  2:15  Refinery  
  24  2:25  SCV, Marine  
  24  2:26  Orbital Command  
  24  2:28  Marine  
  27  2:32  Refinery  
  28  2:37  SCV  
  28  2:43  Marine  
  29  2:49  SCV  
  29  2:51  Barracks Tech Lab  
  30  2:53  Marine  
  30  2:56  SCV  
  32  3:00  Marine  
  32  3:01  SCV  
  33  3:08  SCV  
  33  3:09  Marine  
  33  3:12  Supply Depot, Stimpack  
  35  3:13  SCV, Marine  
  37  3:20  SCV  
  37  3:21  Engineering Bay  
  37  3:24  Marine  
  37  3:25  SCV  
  40  3:27  Marine  
  40  3:32  SCV  
  42  3:37  SCV  
  42  3:38  Marine  
  42  3:39  Supply Depot  
  44  3:42  Factory  
  44  3:46  SCV  
  45  3:49  SCV, Marine x2  
  45  3:53  Terran Infantry Weapons Level 1  
  48  3:58  SCV  
  48  4:01  SCV  
  50  4:09  Barracks Tech Lab, Barracks Reactor, Missile Turret  
  48  4:10  SCV  
  48  4:12  Marine  
  48  4:13  SCV  
  51  4:19  Supply Depot, Refinery  
  51  4:22  SCV  
  52  4:26  SCV  
  52  4:29  Starport  
  52  4:30  Factory Reactor  
  53  4:34  SCV  
  53  4:36  Marine  
  53  4:38  SCV  
  54  4:41  Marauder  
  56  4:46  SCV  
  56  4:48  Bunker  
  56  4:50  Supply Depot, SCV, Marine x2  
  60  4:55  Refinery  
  60  4:56  Marauder  
  60  4:58  SCV  
  63  5:02  Marauder  
  63  5:03  SCV  
  66  5:07  Marine  
  66  5:08  Marine  
  66  5:10  SCV  
  66  5:13  Supply Depot  
  69  5:15  SCV  
  69  5:16  Medivac  
  69  5:17  Medivac  
  74  5:22  Supply Depot  
  74  5:23  SCV, Marauder  
  77  5:29  Factory Reactor  
  77  5:32  Barracks  
  77  5:34  Barracks  
  77  5:37  Marine  
  77  5:38  Missile Turret  
  77  5:39  Combat Shields  
  77  5:41  Marine  
  79  5:46  Viking  
  79  5:53  Viking  
  79  5:57  Marine  
  80  5:58  Marine  
  80  6:02  SCV x2  
  82  6:06  Widow Mine  
  82  6:09  Widow Mine  
  82  6:20  Viking  
  84  6:28  Viking  
  84  6:30  SCV  
  85  6:34  SCV  
  86  6:42  SCV  
  86  6:44  Widow Mine  
  89  6:50  Viking  
  89  6:51  Marine  
  89  6:53  Marine  
  94  6:57  Supply Depot, Concussive Shells  
  94  7:00  SCV  
  94  7:02  SCV  
  94  7:10  Terran Infantry Armor Level 1  
  94  7:18  Marine x3, Widow Mine  
  94  7:19  SCV, Viking  
  101  7:24  Viking  
  101  7:26  Bunker  
  101  7:27  Widow Mine  
  104  7:30  Marine x2  
  104  7:31  Supply Depot  
  104  7:35  Marine  
  104  7:36  Marine  
  107  7:41  Marine x2  
  107  7:47  Widow Mine  
  107  7:48  Marine  
  110  7:52  Marine  
  110  7:53  Supply Depot x2, SCV  
  110  7:54  Marine  
  110  7:59  Marine x2  
  110  8:03  Viking  
  110  8:04  Marine  
  113  8:06  Marine  
  110  8:13  Marine  
  110  8:14  Marine  
  110  8:16  SCV  
  110  8:17  Marine  
  105  8:22  Marine  
  105  8:24  Marine  
  105  8:25  Widow Mine  
  97  8:30  SCV  
  89  8:34  Marine  
  89  8:35  Marine  
Show
View Real Time Build Order
Export as new Build Order

Showtime Protoss - Winner!

Build Orders: 1 Gate Expand, Oracle Opening 

Get SALT Encoding   

  12  0:00  Probe (Chrono Boost)  
  13  0:11  Probe (Chrono Boost)  
  14  0:17  Pylon  
  14  0:22  Probe (Chrono Boost)  
  16  0:35  Probe (Chrono Boost)  
  16  0:37  Gateway  
  16  0:42  Assimilator  
  16  0:46  Probe (Chrono Boost)  
  17  0:57  Probe (Chrono Boost)  
  18  1:07  Probe (Chrono Boost)  
  19  1:21  Nexus  
  19  1:30  Cybernetics Core  
  19  1:33  Probe (Chrono Boost)  
  19  1:39  Assimilator  
  20  1:44  Probe (Chrono Boost)  
  21  1:49  Pylon  
  21  1:54  Probe (Chrono Boost)  
  22  2:04  Probe (Chrono Boost)  
  22  2:07  Adept (Chrono Boost)  
  25  2:08  Warp Gate  
  25  2:16  Probe  
  26  2:26  Stargate  
  26  2:28  Probe  
  27  2:30  Adept (Chrono Boost)  
  27  2:32  Probe  
  30  2:40  Probe (Chrono Boost)  
  30  2:44  Probe (Chrono Boost), Assimilator  
  32  2:53  Mothership Core (Chrono Boost)  
  32  2:57  Probe (Chrono Boost)  
  37  3:08  Oracle (Chrono Boost)  
  37  3:09  Probe (Chrono Boost)  
  37  3:11  Probe (Chrono Boost)  
  37  3:17  Adept  
  43  3:21  Probe (Chrono Boost), Pylon  
  43  3:22  Probe (Chrono Boost)  
  43  3:24  Assimilator  
  44  3:32  Probe (Chrono Boost)  
  44  3:33  Probe (Chrono Boost)  
  46  3:34  Pylon  
  46  3:43  Probe (Chrono Boost)  
  46  3:45  Probe (Chrono Boost)  
  48  3:54  Fleet Beacon  
  48  3:55  Probe (Chrono Boost)  
  49  3:58  Probe (Chrono Boost)  
  50  4:05  Probe (Chrono Boost)  
  52  4:11  Probe (Chrono Boost)  
  52  4:15  Stargate  
  52  4:16  Probe (Chrono Boost)  
  53  4:19  Pylon  
  53  4:23  Probe (Chrono Boost)  
  54  4:26  Probe (Chrono Boost)  
  55  4:35  Probe (Chrono Boost)  
  55  4:38  Tempest (Chrono Boost)  
  60  4:45  Gateway  
  60  4:47  Gateway  
  60  4:49  Probe (Chrono Boost)  
  60  4:58  Pylon  
  60  4:59  Tempest (Chrono Boost)  
  64  5:09  Gateway  
  64  5:20  Tempest (Chrono Boost)  
  68  5:28  Gateway  
  68  5:38  Tempest (Chrono Boost)  
  68  5:39  Pylon  
  72  5:44  Pylon  
  72  5:48  Sentry x2  
  76  5:58  Tempest (Chrono Boost)  
  76  6:00  Pylon  
  76  6:02  Gateway  
  80  6:19  Sentry, Stalker  
  80  6:20  Adept x2  
  88  6:43  Stalker x4, Adept  
  98  6:47  Pylon  
  98  6:50  Pylon  
  98  7:08  Adept x3  
  98  7:09  Adept x3  
  98  7:13  Pylon  
  98  7:15  Pylon  
  110  7:20  Pylon  
  110  7:29  Stalker, Adept x3  
  110  7:30  Stalker x2  
  114  7:51  Stalker x3  
  115  7:53  Stalker x2  
  115  7:54  Stalker  
  120  8:14  Adept x2  
  120  8:15  Adept  
  118  8:26  Sentry x3  
  124  8:35  Oracle (Chrono Boost)  
  125  8:44  Pylon  
  125  8:46  Pylon  

Tags
 
Add a new tag
Caveats
  • Supply blocks, unpowered buildings, or Contaminate may cause inaccurate times.
  • Supply counts are checked every 10 seconds.